 Dungeon Crawl Stone Soup version 0.16-a0-3946-g4f19e5c (webtiles) character file.

664 ketsa the Stinger (level 7, -3/41 HPs)
             Began as an Octopode Venom Mage on Feb 9, 2015.
             Killed by divine providence
             ... invoked by an orc priest
              (16 damage)
             ... on level 6 of the Dungeon.
             The game lasted 00:23:21 (6130 turns).

ketsa the Stinger (Octopode Venom Mage)             Turns: 6130, Time: 00:23:22

Health: -3/41      AC:  2    Str:  7    XL:     7   Next: 57%
Magic:  12/14      EV: 13    Int: 20    God:
Gold:   359        SH:  0    Dex: 12    Spells: 3 memorised, 6 levels left

rFire  . . .     SeeInvis .       - Unarmed
rCold  . . .     Clarity  .     (no shield)
rNeg   . . .     SustAb   .     j - +1 hat {MR+}
rPois  .         Gourm    .     (no amulet)
rElec  .         Spirit   .     (no ring)
rCorr  .         Warding  .     (no ring)
rMut   .         Stasis   .     (no ring)
MR     +....                    (no ring)
Stlth  ++++......               (no ring)
                                (no ring)
                                (no ring)
                                (no ring)

@: somewhat resistant to hostile enchantments, stealthy
A: almost no armour, amphibious, 8 rings, constrict 8, camouflage 1, gelatinous
body 1
a: no special abilities


You were on level 6 of the Dungeon.
You were hungry.

You visited 1 branch of the dungeon, and saw 6 of its levels.

You collected 359 gold pieces.

Inventory:

Hand weapons
 e - a +0 blowgun
 f - a +2 dagger of holy wrath
 g - a +0 dagger
 n - a +0 short sword
Missiles
 h - 5 stones (quivered)
 l - 21 poisoned needles
 m - 4 tomahawks
Armour
 j - a +1 hat of magic resistance (worn)
Scrolls
 a - a scroll of immolation {unknown}
 d - a scroll of blinking
 o - 2 scrolls of identify {unknown}
 s - a scroll of teleportation
Potions
 i - 4 potions of curing {unknown}
 q - a potion of lignification {unknown}
 r - a potion of brilliance {unknown}
 t - a potion of beneficial mutation {unknown}
 v - a potion of poison {unknown}
Books
 b - a Young Poisoner's Handbook

   Spells                             Type                      Level
   a - Sting                          Conjuration/Poison           1
   b - Cure Poison                    Poison                       2
   c - Mephitic Cloud                 Conjuration/Poison/Air       3
   d - Olgreb's Toxic Radiance        Poison                       4
   e - Venom Bolt                     Conjuration/Poison           5
Miscellaneous
 u - a lamp of fire
Comestibles
 c - 2 bread rations
 k - 3 meat rations
 p - a slice of pizza


   Skills:
 + Level 4.1 Dodging
 - Level 3.6 Stealth
 - Level 3.1 Unarmed Combat
 + Level 3.3 Spellcasting
 + Level 2.4 Conjurations
 - Level 2.6 Air Magic
 + Level 6.0 Poison Magic
 + Level 0.0 Evocations


You had 6 spell levels left.
You knew the following spells:

 Your Spells              Type           Power        Failure   Level  Hunger
a - Sting                 Conj/Pois      ###.         2%          1    None
b - Mephitic Cloud        Conj/Pois/Air  ###.....     10%         3    ###....
c - Cure Poison           Pois           ####......   1%          2    ##.....


Dungeon Overview and Level Annotations

Branches:
Dungeon (6/15)
 Temple: D:4-7

Altars:
Gozag
Lugonu

Shops:
D:5 %%?

Portals:
Abyss: D:1

Annotations:
D:2 exclusion: 2 downstairs
D:3 Sigmund; abixa's ghost, average HOFi
D:4 4 runed doors, exclusion: upstairs, Eustachio; Menkaure; Prince Ribbit


Innate Abilities, Weirdness & Mutations

You cannot wear most types of armour.
You are amphibious.
You can wear up to eight rings at the same time.
You can use your tentacles to constrict many enemies at once.
Your skin changes colour to match your surroundings (Stealth).
Your rubbery body absorbs attacks (AC +1).


Message History

Something smites you!
Casting: Sting
Confirm with . or Enter, or press ? or * to list all spells.
Aiming: Sting
Press: ? - help, Shift-Dir - straight line, f - orc priest
Aim: an orc priest The sting misses the orc priest.
An orc priest comes into view. It is wielding a club.
Casting: Sting
Confirm with . or Enter, or press ? or * to list all spells.
Aiming: Sting
Press: ? - help, Shift-Dir - straight line, f/p - orc priest
Aim: an orc priest The sting hits the orc priest.
The orc priest is poisoned.
The orc priest is moderately wounded.
The orc priest moves out of view.
A giant mite comes into view.
The orc priest mumbles some strange prayers to Beogh against you.
Something smites you!
You die...

.....##...# ##..
...#...#
..........##....#
##......#.
..........#....#
##..........
..............#
##......s...o
....###......##
##..lo.......o
....#####...##
##..o..#...... .....##
#...######....####.....
......###....<.##....##
...!.
#....<..........@...##
...
####..(...####.....## .
####..##
###...#######.. #..#
##...$....... #..#
#..........W #..#
#...######## #..# #..##
#... ...## .... ....


You could see 2 orc priests and a giant newt.

Vanquished Creatures
  Grinder (D:3)
  An ogre (D:4)
  A crimson imp (D:6)
  A hound (D:4)
  An iguana (D:5)
  4 worker ants
  Natasha (twice) (D:4)
  An orc priest (D:3)
  2 orc wizards (D:4)
  2 adders
  A worm (D:5)
  A giant gecko (D:1)
  10 orcs
  A ball python (D:2)
  4 giant cockroaches
  10 goblins
  12 hobgoblins
  A jackal (D:1)
  12 kobolds
  3 quokkas
  12 bats
  6 giant newts
  A jackal skeleton (D:4)
  A quokka skeleton (D:5)
  10 rats
101 creatures vanquished.

Notes
Turn   | Place    | Note
--------------------------------------------------------------
     0 | D:1      | ketsa, the Octopode Venom Mage, began the quest for the Orb.
     0 | D:1      | Reached XP level 1. HP: 11/11 MP: 3/3
   333 | D:1      | Found a one-way gate to the infinite horrors of the Abyss.
   333 | D:1      | Found a corrupted altar of Lugonu.
   333 | D:1      | Noticed an iron imp
   333 | D:1      | Noticed an iron imp
   333 | D:1      | Noticed a quasit
   333 | D:1      | Noticed a demonic crawler
   333 | D:1      | Noticed an iron imp
   333 | D:1      | Noticed an iron imp
   333 | D:1      | Noticed a demonic crawler
   333 | D:1      | Noticed an iron imp
   334 | D:1      | Noticed an iron imp
   334 | D:1      | Noticed a demonic crawler
   334 | D:1      | Noticed a quasit
   405 | D:1      | Found an opulent altar of Gozag.
   444 | D:1      | Reached skill level 5 in Poison Magic
   485 | D:1      | Reached XP level 2. HP: 12/17 MP: 2/4
  1328 | D:1      | Reached XP level 3. HP: 21/21 MP: 0/6
  2383 | D:2      | Reached skill level 1 in Unarmed Combat
  2584 | D:2      | Learned a level 3 spell: Mephitic Cloud
  2587 | D:2      | Learned a level 2 spell: Cure Poison
  2704 | D:3      | Noticed Sigmund
  2747 | D:3      | Noticed Grinder
  2796 | D:3      | Noticed abixa's ghost (average HOFi)
  2801 | D:2      | Reached XP level 4. HP: 18/27 MP: 4/7
  3215 | D:3      | Killed Grinder
  3215 | D:3      | Reached skill level 1 in Conjurations
  3215 | D:3      | Reached skill level 1 in Air Magic
  3215 | D:3      | Reached XP level 5. HP: 20/31 MP: 1/10
  3215 | D:3      | Reached XP level 6. HP: 23/36 MP: 1/11
  3252 | D:4      | Noticed Menkaure
  3611 | D:4      | Noticed Natasha
  3616 | D:4      | Killed Natasha
  3735 | D:4      | Noticed Prince Ribbit
  3897 | D:5      | Entered Level 5 of the Dungeon
  4067 | D:4      | Found a large runed door.
  4068 | D:4      | Found a large runed door.
  4091 | D:4      | Noticed Natasha
  4101 | D:4      | Killed Natasha
  4214 | D:4      | Reached XP level 7. HP: 27/41 MP: 3/14
  4431 | D:4      | Found a large runed door.
  4575 | D:4      | Found a large runed door.
  4740 | D:4      | Reached skill level 6 in Poison Magic
  4843 | D:4      | Noticed Eustachio
  5118 | D:5      | Found Steosur's Food Boutique.
  5232 | D:5      | Found Miavigigh's Magic Scroll Shop.
  5551 | D:5      | Found Muic's Food Boutique.
  6130 | D:6      | Killed from afar by an orc priest

Action                   |  1- 3 |  4- 6 |  7- 9 || total
-------------------------+-------+-------+-------++-------
Melee: Unarmed           |    29 |    38 |    24 ||    91
Throw: Stone             |       |     4 |     5 ||     9
 Cast: Sting             |    70 |    73 |    37 ||   180
       Mephitic Cloud    |       |     2 |     2 ||     4
       Cure Poison       |       |     1 |       ||     1
  Use: Scroll            |     6 |       |       ||     6
       Potion            |       |     4 |       ||     4
 Stab: Sleeping          |     1 |       |     2 ||     3
       Distracted        |     1 |       |       ||     1
  Eat: Chunk             |     7 |     3 |     3 ||    13
       Pizza             |       |     1 |       ||     1
       Royal jelly       |       |       |     1 ||     1
